AoeStats
← darador86

Arabia

510846395Analyzed
1v1 RM · 24h ago on Oct 2, 2026· 46m 5s· 2 players
Game mode
Random Map
Map size
Tiny (2 player)
Population
200
Speed
Normal
Resources
Standard
Victory
Conquest
Starting age
Dark Age
Ending age
Imperial Age
RankedLock teamsTeams togetherTeam positionsShared explorationLock speedFull tech treeHidden civsTurbo modeCheats
Victory
Defeat
🇦🇷 Burgundians · Argentina
572
+15
🇨🇱 Goths · Chile
554
-15
p.lagosfr
2:01 Loom
12:33 Feudal Age
13:24 Double-Bit Axe
14:29 Horse Collar
18:40 Castle Age
17:01 Scale Mail Armor
17:29 Gold Mining
17:29 Stone Mining
18:37 Forging
20:35 Iron Casting
20:15 Chain Mail Armor
19:42 Man-at-Arms
20:28 Heavy Plow
20:18 Long Swordsman
22:23 Bow Saw
darador86
13:03 Feudal Age
13:53 Double-Bit Axe
16:01 Horse Collar
16:36 Bow Saw
22:37 Castle Age
21:00 Heavy Plow
21:12 Gold Mining
21:20 Stone Mining
22:38 Pikeman
23:20 Squires
23:54 Light Cavalry
24:36 Husbandry
25:27 Scale Barding Armor
29:56 Gold Shaft Mining
36:35 Imperial Age
37:15 Murder Holes
37:30 Masonry
37:41 Ballistics
Connection lost

Rejoining the realm…

Still unreachable

The connection could not be restored.

Session expired

The server has moved on; the page needs a fresh start.